 Dungeon Crawl Stone Soup version 0.29-a0-857-g9b1aa3ac5b (webtiles) character file.

Game seed: 7495225925025581365

12282 Pooter the Cleaver (level 11, -5/99 HPs)
             Began as a Minotaur Berserker on July 16, 2022.
             Was a Priest of Trog.
             Slain by a ten-headed hydra (9 damage)
             ... on level 2 of the Lair of Beasts.
             The game lasted 01:08:12 (15748 turns).

Pooter the Cleaver (Minotaur Berserker)            Turns: 15748, Time: 01:08:13

Health: -5/99      AC: 14    Str: 24    XL:     11   Next: 60%
Magic:  10/10      EV: 11    Int:  6    God:    Trog [***...]
Gold:   720        SH:  0    Dex: 10    Spells: 10/10 levels left

rFire   . . .      SeeInvis .   F - +2 halberd (drain)
rCold   . . .      Faith    .   (shield currently unavailable)
rNeg    . . .      Spirit   .   R - +1 plate armour
rPois   .          Reflect  .   (helmet restricted)
rElec   .          Harm     .   h - +0 cloak
rCorr   .          Rampage  .   (no gloves)
Will    .....                   v - +0 pair of boots
Stlth   ..........              (no amulet)
HPRegen 0.26/turn               q - +4 ring of evasion
MPRegen 0.12/turn               (no ring)

@: mesmerised
A: horns 2, retaliatory headbutt
a: Renounce Religion, Berserk, Trog's Hand


You were on level 2 of the Lair of Beasts.
You worshipped Trog.
Trog was most pleased with you.
You visited 2 branches of the dungeon, and saw 12 of its levels.
You also visited: Bailey.

You collected 720 gold pieces.

Inventory:

Hand Weapons
 a - a +2 broad axe
   (You took it off Maggie on level 8 of the Dungeon)
 b - a +0 longbow
   (You found it on level 8 of the Dungeon)
 e - a +0 flail of holy wrath
   (You took it off a gnoll on level 10 of the Dungeon)
 o - a +0 falchion of holy wrath
   (You found it on level 3 of the Dungeon)
 x - the +0 dagger of Fioriff {holy, rCorr Str-3 Int+5}
   (You found it on level 4 of the Dungeon)

   It has been blessed by the Shining One to cause great damage to the undead
   and demons.
   Str:       It affects your strength (-3).
   Int:       It affects your intelligence (+5).
   rCorr:     It protects you from acid and corrosion.
 C - a +4 spear of freezing
   (You took it off a wight on level 6 of the Dungeon)
 D - a +3 flail of freezing
   (You took it off a wight on level 6 of the Dungeon)
 F - a +2 halberd of draining (weapon)
   (You took it off a gnoll in a bailey)
 G - a +0 trident
   (You took it off an orc in a bailey)
 U - a +0 sling
   (You found it on level 6 of the Dungeon)
Missiles
 g - 11 poisoned darts
 j - 7 boomerangs (quivered)
 m - 2 throwing nets {!f}
 E - 4 atropa-tipped darts
 Q - 81 stones
Armour
 h - a +0 cloak (worn)
   (You found it on level 2 of the Dungeon)
 v - a +0 pair of boots (worn)
   (You found it on level 4 of the Dungeon)
 y - a +0 kite shield
   (You found it on level 4 of the Dungeon)
 R - a +1 plate armour (worn)
   (You took it off a kobold on level 2 of the Dungeon)
Jewellery
 l - a ring of magical power
   (You found it on level 2 of the Dungeon)
 q - a +4 ring of evasion (left hand)
   (You found it on level 4 of the Dungeon)
Wands
 f - a wand of flame (20)
   (You found it on level 6 of the Dungeon)
 u - a wand of paralysis (2)
   (You found it on level 1 of the Lair of Beasts)
 O - a wand of quicksilver (1)
   (You found it on level 1 of the Lair of Beasts)
Scrolls
 c - a scroll of blinking
 d - a scroll of poison {!r}
 i - 4 scrolls of fear
 k - 3 scrolls of vulnerability {!r}
 t - 3 scrolls of teleportation {@r4}
Potions
 n - 3 potions of brilliance {unknown}
 p - 4 potions of magic {unknown}
 r - 2 potions of flight {unknown}
 s - 4 potions of cancellation
 w - 2 potions of mutation {unknown}
 z - 3 potions of heal wounds {unknown}
 A - 5 potions of curing {@q1}
 B - a potion of degeneration {unknown}
 H - 4 potions of haste {@q3}
 I - 3 potions of invisibility {unknown}
 J - 2 potions of might
 K - a potion of experience {unknown}
 L - a potion of resistance {unknown}
 M - a potion of ambrosia {unknown}
 N - a potion of attraction {unknown}
 P - 6 potions of lignification {!q}
 T - a potion of berserk rage {unknown}
Miscellaneous
 S - a piece from Xom's chessboard (15/15)
   (You found it on level 1 of the Lair of Beasts)


   Skills:
 + Level 10.0 Fighting
 * Level 13.4 Axes
 * Level 8.3 Ranged Weapons
 - Level 4.4 Throwing
 - Level 2.4 Armour
 - Level 2.1 Dodging
 - Level 7.0 Stealth
 + Level 5.0 Evocations


You had 10 spell levels left.
You didn't know any spells.
Your spell library was empty.

Dungeon Overview and Level Annotations

Branches:
Dungeon (10/15)            Temple (0/1) D:7            Lair (2/6) D:8
 Shoals (0/4) Lair:2       Bailey (visited)
  Snake: Lair:2-4    Spider: Lair:2-4       Orc: D:9-12

Altars:
Ashenzari
Cheibriados
Fedhas
Gozag
Hepliaklqana
Kikubaaqudgha
Makhleb
Qazlal
Ru
Sif Muna
Vehumet
Yredelemnul

Annotations:
D:3 6 runed translucent doors, buhh's ghost, amateur OpTm; peter4's ghost, amateur GrBe


Innate Abilities, Weirdness & Mutations

You have a pair of horns on your head.
You reflexively headbutt those who attack you in melee.


Message History

You hack one of the seven-headed hydra's heads off!
The six-headed hydra grows two more!
You hit the eight-headed hydra. You drain the eight-headed hydra.
You headbutt the eight-headed hydra.
The merfolk siren chants its luring song.
The eight-headed hydra barely misses you.
The eight-headed hydra closely misses you.
The eight-headed hydra bites you.
* * * LOW HITPOINT WARNING * * *
The eight-headed hydra barely misses you.
The eight-headed hydra bites you but does no damage.
The eight-headed hydra bites you.
* * * LOW HITPOINT WARNING * * *
The eight-headed hydra bites you.
* * * LOW HITPOINT WARNING * * *
The eight-headed hydra bites you but does no damage.
The merfolk closely misses you.
The merfolk hits you from afar with a +0 trident.
* * * LOW HITPOINT WARNING * * *
Unknown command.
You chop one of the eight-headed hydra's heads off!
The seven-headed hydra grows two more!
You slice the nine-headed hydra!!
The merfolk siren chants its luring song. x2
The merfolk hits you from afar with a +0 trident.
* * * LOW HITPOINT WARNING * * *
The nine-headed hydra bites you but does no damage.
The nine-headed hydra bites you.
* * * LOW HITPOINT WARNING * * *
The nine-headed hydra completely misses you.
The nine-headed hydra bites you.
* * * LOW HITPOINT WARNING * * *
The nine-headed hydra bites you.
* * * LOW HITPOINT WARNING * * *
The nine-headed hydra bites you but does no damage. x2
The nine-headed hydra bites you.
* * * LOW HITPOINT WARNING * * *
The nine-headed hydra bites you!
* * * LOW HITPOINT WARNING * * *
The merfolk closely misses you.
The merfolk siren chants its luring song. x2
Unknown command.
You lop one of the nine-headed hydra's heads off!
The eight-headed hydra grows two more!
You puncture the ten-headed hydra!
The merfolk hits you from afar with a +0 trident.
* * * LOW HITPOINT WARNING * * *
The ten-headed hydra bites you but does no damage.
The ten-headed hydra closely misses you.
The ten-headed hydra bites you.
* * * LOW HITPOINT WARNING * * *
The ten-headed hydra bites you!
You die...

#.. #...##......#
#.###P...##.....#####.
##.....................
#......................
#.....................
##.....................
#P.....................
#....#P.##.#...........
#.. ###.####...@.#PP #
#.....#.###D.#
#.##....<### mm##
#..PP.....## .≈m#
#..........#..m##
##.##.....##.≈≈ #..
+.....#.#≈# ##
#.....#.>≈ #####.#


You could see a ten-headed hydra (drained), 2 merfolk and 2 merfolk sirens.

Vanquished Creatures
  A manticore (D:9)
  2 black mambas (Lair:1)
  A cane toad (Lair:1)
  Maggie (D:8)
  A komodo dragon (Lair:1)
  An unseen horror (D:9)
  A troll (D:9)
  A polar bear (D:8)
  A hornet (D:9)
  6 slime creatures (D:9)
  A shadow (D:10)
  3 wyverns
  Eustachio (D:4)
  17 yaks
  Menkaure (D:5)
  2 wargs (D:7)
  Edmund (D:4)
  6 water moccasins
  2 sky beasts (D:7)
  3 ice beasts
  4 orc warriors
  2 black bears
  2 ogres (D:5)
  2 wolves (D:8)
  2 phantoms
  Blork the orc (D:4)
  2 bullfrogs
  A gnoll sergeant (D:10)
  A necrophage (D:4)
  6 scorpions
  10 wights
  2 howler monkeys (D:7)
  4 electric eels
  2 jellies (D:6)
  4 orc priests
  6 hounds
  3 gnoll boudas
  Natasha (thrice) (D:4)
  4 iguanas
  8 orc wizards
  A scorpion zombie (D:3)
  28 gnolls
  8 adders
  3 shadow imps
  3 howler monkey simulacra (D:8)
  An ufetubus (D:5)
  2 worms
  3 dart slugs
  37 orcs
  9 bats
  11 endoplasms
  5 giant cockroaches
  14 goblins
  4 hobgoblins
  6 jackals
  8 kobolds
  5 quokkas
  12 ball pythons
  A ball python zombie (D:3)
  5 frilled lizards
  4 rats
292 creatures vanquished.

Vanquished Creatures (others)
  A bush (Lair:1)
  2 fungi
  10 plants
13 creatures vanquished.

Grand Total: 305 creatures vanquished

Notes
Turn   | Place    | Note
-------+----------+-------------------------------------------
     0 | D:1      | Pooter the Minotaur Berserker began the quest for the Orb.
     0 | D:1      | Reached XP level 1. HP: 19/19 MP: 0/0
   376 | D:1      | Reached skill level 4 in Axes
   551 | D:1      | Reached XP level 2. HP: 27/27 MP: 1/1
   994 | D:1      | Reached skill level 1 in Stealth
  1158 | D:1      | Reached XP level 3. HP: 28/33 MP: 2/2
  2123 | D:2      | Found a shimmering blue altar of Sif Muna.
  2387 | D:2      | Reached XP level 4. HP: 40/40 MP: 3/3
  2389 | D:2      | Reached skill level 5 in Axes
  2626 | D:2      | Reached ** piety under Trog
  3252 | D:3      | Found a runed translucent gate.
  3253 | D:3      | Found a runed translucent gate.
  3253 | D:3      | Found a runed translucent gate.
  3256 | D:3      | Noticed buhh's ghost (amateur OpTm)
  3342 | D:3      | Found a runed translucent gate.
  3342 | D:3      | Found a runed translucent gate.
  3342 | D:3      | Found a runed translucent gate.
  3342 | D:3      | Noticed peter4's ghost (amateur GrBe)
  3344 | D:3      | Found a basalt altar of Yredelemnul.
  3463 | D:3      | Reached XP level 5. HP: 47/47 MP: 4/4
  4061 | D:3      | Reached skill level 1 in Throwing
  4197 | D:4      | Noticed Natasha
  4199 | D:4      | Killed Natasha
  4281 | D:4      | Noticed Natasha
  4289 | D:4      | Killed Natasha
  4290 | D:4      | Reached skill level 6 in Axes
  4377 | D:4      | Reached skill level 5 in Fighting
  4377 | D:4      | Reached XP level 6. HP: 56/56 MP: 5/5
  4528 | D:4      | Noticed Natasha
  4534 | D:4      | Killed Natasha
  4610 | D:4      | Noticed Edmund
  4620 | D:4      | Killed Edmund
  4683 | D:4      | Noticed Blork the orc
  4692 | D:4      | Killed Blork the orc
  4693 | D:4      | Reached skill level 7 in Axes
  4693 | D:4      | Reached XP level 7. HP: 61/61 MP: 6/6
  4904 | D:4      | Noticed Eustachio
  4936 | D:4      | Killed Eustachio
  5356 | D:4      | Identified the +0 dagger of Fioriff {holy, rCorr Str-3
                  | Int+5}
  5393 | D:5      | Entered Level 5 of the Dungeon
  5505 | D:5      | Reached skill level 8 in Axes
  5539 | D:5      | Reached XP level 8. HP: 63/71 MP: 7/7
  5674 | D:5      | Noticed Menkaure
  5678 | D:5      | Killed Menkaure
  5679 | D:5      | Reached skill level 9 in Axes
  6116 | D:5      | Found a blossoming altar of Fedhas.
  6215 | D:6      | Reached *** piety under Trog
  6217 | D:6      | Found a transporter.
  6322 | D:6      | Found a transporter.
  6605 | D:6      | Reached XP level 9. HP: 79/79 MP: 8/8
  6607 | D:6      | Reached skill level 1 in Evocations
  6617 | D:6      | Reached skill level 10 in Axes
  6829 | D:6      | Found a sacrificial altar of Ru.
  7235 | D:6      | Reached skill level 1 in Ranged Weapons
  7695 | D:7      | Reached skill level 5 in Stealth
  7725 | D:7      | Found a flagged portal.
  7754 | Bailey   | Entered a bailey
  8866 | D:7      | Reached skill level 11 in Axes
  8992 | D:7      | Found a staircase to the Ecumenical Temple.
  9417 | D:8      | Found a staircase to the Lair.
  9447 | D:7      | Reached XP level 10. HP: 90/90 MP: 9/9
 10161 | D:8      | Reached skill level 5 in Ranged Weapons
 10849 | D:8      | Noticed Maggie
 10863 | D:8      | Killed Maggie
 11129 | D:9      | Noticed a manticore
 11145 | D:9      | Killed a manticore
 11649 | D:9      | Reached skill level 12 in Axes
 11813 | D:9      | Found a hazy altar of Hepliaklqana.
 11816 | D:9      | Found a snail-covered altar of Cheibriados.
 11821 | D:9      | Found a radiant altar of Vehumet.
 11821 | D:9      | Found a stormy altar of Qazlal.
 11821 | D:9      | Found a broken altar of Ashenzari.
 11822 | D:9      | Found a burning altar of Makhleb.
 11823 | D:9      | Found an opulent altar of Gozag.
 11824 | D:9      | Found an ancient bone altar of Kikubaaqudgha.
 11914 | D:10     | Entered Level 10 of the Dungeon
 12116 | D:10     | Reached XP level 11. HP: 95/95 MP: 10/10
 13468 | D:10     | Found a shimmering blue altar of Sif Muna.
 13913 | Lair:1   | Entered Level 1 of the Lair of Beasts
 14065 | Lair:1   | Reached skill level 13 in Axes
 15214 | Lair:1   | Reached skill level 10 in Fighting
 15304 | Lair:1   | Reached skill level 5 in Evocations
 15738 | Lair:2   | Found a staircase to the Shoals.
 15738 | Lair:2   | Noticed a four-headed hydra
 15748 | Lair:2   | HP: 4/99 [ten-headed hydra (6)]
 15748 | Lair:2   | Slain by a ten-headed hydra

Illustrated notes

Levels and vault maps discovered:
D:1:      spicycebolla_arrival_ecumenical, layout_basic
D:2:      layout_basic, basic_altar, minmay_increasing_density
D:3:      layout_basic, nicolae_yredelemnul_ghost_church,
          gammafunk_ghost_necromancy
D:4:      layout_loops_ring, minmay_statues_item, nicolae_elevator_lobby_plus,
          uniq_blork_the_orc, uniq_eustachio, uniq_natasha, uniq_edmund
D:5:      minmay_recursive_quarters, layout_basic, overflow_temple_1_default,
          uniq_menkaure
D:6:      gammafunk_steamed_eel, layout_rooms, nicolae_ru_sacrificial_ziggurat,
          minmay_door_square, kennysheep_boxes
D:7:      layout_loops_cross, minmay_temple_entry_overgrown, enter_bailey_5
D:8:      layout_basic, erik_lair_orcish_takeover, serial_ice, serial_ice_o,
          serial_ice_j, serial_ice_b, serial_ice_n, uniq_maggie
D:9:      layout_rooms, minitemple
D:10:     lemuel_ice_spiral_2, layout_basic, lemuel_blue_sif_altar
Lair:1:   layout_roguey
Lair:2:   layout_regular_city, elwin_shoals_entry_stream,
          guppyfry_snake_entry_island, beast_lair_carwin_7,
          serial_bayou_shore_b, uniq_gastronok

Skill      XL: |  1  2  3  4  5  6  7  8  9 10 11 |
---------------+----------------------------------+-----
Axes           | 4 5 6 7 8 9 11 12 13 | 13.4
Fighting       | 4 5 6 7 8 9 10 | 10.0
Stealth        | 1 2 3 4 5 6 7 |  7.0
Throwing       | 1 2 3 4 |  4.4
Evocations     | 2 4 5 |  5.0
Ranged Weapons | 4 6 8 |  8.3
Armour         | |  2.4
Dodging        | |  2.1

Action                   |  1- 3 |  4- 6 |  7- 9 | 10-12 || total
-------------------------+-------+-------+-------+-------++-------
Melee: Hand axe          |    91 |   123 |       |       ||   214
       Headbutt          |     7 |    25 |    58 |    46 ||   136
       Punch             |     1 |     1 |       |     3 ||     5
       Falchion          |       |     4 |       |       ||     4
       Flail             |       |     6 |   109 |       ||   115
       War axe           |       |       |   200 |   100 ||   300
       Broad axe         |       |       |       |   140 ||   140
       Halberd           |       |       |       |    11 ||    11
 Fire: Sling             |       |       |     9 |     2 ||    11
       Longbow           |       |       |       |    54 ||    54
Throw: Stone             |     2 |     2 |       |       ||     4
       Boomerang         |       |    10 |     9 |     8 ||    27
       Dart              |       |       |       |     1 ||     1
Invok: Berserk           |     4 |     7 |    12 |    22 ||    45
       Trog's Hand       |       |       |     5 |    12 ||    17
Evoke: Wand              |       |       |     5 |     7 ||    12
  Use: Scroll            |     1 |     5 |     4 |    13 ||    23
       Potion            |       |       |       |     1 ||     1
Armor: Animal skin       |    18 |       |       |       ||    18
       Ring mail         |     3 |    11 |       |       ||    14
       Plate armour      |       |    50 |   209 |   173 ||   432
Dodge: Dodged            |    42 |    47 |   149 |   130 ||   368
Block: Kite shield       |       |     1 |   108 |    23 ||   132

Table legend: (Time is in decaauts)
 A = Elapsed time spent in this place.
 B = Non-inter-level travel time spent in this place.
 C = Inter-level travel time spent in this place.
 D = Time resting spent in this place.
 E = Time spent auto-exploring this place.
 F = Levels seen in this place.
 G = Mean time per level.
                   A        B        C        D        E       F      G
               +--------+--------+--------+--------+--------+-----+--------+
         Total |  16305 |  15984 |    321 |   5097 |   8270 |  13 | 1254.2 |
       Dungeon |  13740 |  13431 |    309 |   3822 |   7459 |  10 | 1374.0 |
          Lair |   1793 |   1782 |     11 |    862 |    763 |   2 |  896.5 |
        Bailey |    771 |    771 |      0 |    412 |     48 |   1 |  771.0 |
               +--------+--------+--------+--------+--------+-----+--------+

Top non-repeatable levels by time:
     D:8: 2036 daAuts
     D:1: 1768 daAuts
  Lair:1: 1764 daAuts
     D:6: 1391 daAuts
     D:7: 1348 daAuts
    D:10: 1345 daAuts
     D:2: 1319 daAuts
     D:4: 1301 daAuts
     D:9: 1240 daAuts
     D:3: 1165 daAuts
     D:5: 823 daAuts
  Bailey: 771 daAuts
  Lair:2: 28 daAuts
